 Dungeon Crawl Stone Soup version 0.28-a0-1404-g4df0f3684d (webtiles) character file.

Game seed: 7800604093781927743

2941 RepHenryClay the Carver (level 9, -5/94 HPs)
             Began as a Demonspawn Berserker on Jan 5, 2022.
             Was an Elder of Trog.
             Slain by a two-headed ogre (16 damage)
             ... on level 9 of the Dungeon.
             The game lasted 00:13:23 (9529 turns).

RepHenryClay the Carver (Demonspawn Berserker)      Turns: 9529, Time: 00:13:24

Health: -5/94      AC: 12    Str: 22    XL:     9   Next: 51%
Magic:  0/9        EV: 10    Int:  9    God:    Trog [****..]
Gold:   359        SH:  0    Dex: 12    Spells: 8/8 levels left

rFire   + . .      SeeInvis .   a - +0 double sword (freeze)
rCold   + . .      Faith    .   (no shield)
rNeg    . . .      Spirit   +   w - +0 chain mail
rPois   .          Reflect  .   (no helmet)
rElec   .          Harm     .   x - scarf {rC+ rF+}
rCorr   .          Rampage  .   s - +1 pair of gloves
Will    .....                   (no boots)
Stlth   ..........              (no amulet)
HPRegen 0.25/turn               (no ring)
MPRegen 0.22/turn               (no ring)

@: berserking (expiring), very quick
A: claws 2, repulsion field 1, magic shield, magic regeneration
a: Renounce Religion, Berserk, Trog's Hand, Brothers in Arms


You were on level 9 of the Dungeon.
You worshipped Trog.
Trog was greatly pleased with you.
You visited 2 branches of the dungeon, and saw 10 of its levels.

You collected 359 gold pieces.

Inventory:

Hand Weapons
 a - a +0 double sword of freezing (weapon)
 b - a +3 dagger of venom
Missiles
 c - a curare-tipped dart
 y - 5 atropa-tipped darts (quivered)
 z - 53 poisoned darts
Armour
 j - a +0 ring mail
 s - a +1 pair of gloves (worn)
 v - a +0 animal skin
 w - a +0 chain mail (worn)
 x - a scarf of resistance (worn)
Jewellery
 o - a ring of fire
 C - a ring of flight
 D - an amulet of regeneration
Wands
 h - a wand of digging (5)
 m - a wand of acid (8)
 n - a wand of flame (6)
Scrolls
 g - 2 scrolls of enchant armour
 i - 3 scrolls of teleportation
 k - 2 scrolls of identify {@r1}
Potions
 d - 3 potions of heal wounds
 e - a potion of haste
 f - 2 potions of curing
 l - a potion of invisibility
 r - a potion of degeneration
 t - 2 potions of mutation
 u - a potion of attraction {unknown}
 E - a potion of cancellation {unknown}


   Skills:
 - Level 3.0 Fighting
 + Level 10.4 Long Blades
 + Level 7.2 Armour
 - Level 1.7 Dodging


You had 8 spell levels left.
You didn't know any spells.
Your spell library was empty.

Dungeon Overview and Level Annotations

Branches:
Dungeon (9/15)             Temple (1/1) D:7            Lair (0/6) D:9
    Orc: D:9-12

Altars:
Gozag
Nemelex Xobeh
Okawaru
Ru
Uskayaw
Wu Jian
Xom
Yredelemnul
Zin
The Shining One

Annotations:
D:4 unfinished
D:8 2 runed translucent doors, exclusion: 3 oklob plants


Innate Abilities, Weirdness & Mutations

You have very sharp fingernails.
You are surrounded by a mild repulsion field. (EV +2)
When hurt, damage is shared between your health and your magic reserves.
You regenerate magic rapidly.


Message History

n - a wand of flame (6)
Found a stone staircase leading down.
You now have 359 gold pieces (gained 10).
A two-headed ogre comes into view.
It is wielding a +0 giant spiked club and a +0 giant club.
Found a dagger.
The two-headed ogre shouts in stereo!
A two-headed ogre is nearby!
A red film seems to cover your vision as you go berserk!
You feel yourself moving faster!
You feel mighty!
You closely miss the two-headed ogre.
The two-headed ogre hits you with a +0 giant spiked club!!
The two-headed ogre hits you with a +0 giant club!!
Huge Dmg: -40%(-38hp) hp: 60%(56hp)
You barely miss the two-headed ogre. You barely miss the two-headed ogre.
The two-headed ogre hits you with a +0 giant spiked club!!
The two-headed ogre barely misses you.
Huge Dmg: -19%(-18hp) hp: 41%(38hp)
You slash the two-headed ogre! You freeze the two-headed ogre.
The two-headed ogre is moderately wounded.
You slash the two-headed ogre! You freeze the two-headed ogre.
The two-headed ogre is heavily wounded.
The two-headed ogre hits you with a +0 giant spiked club!
* * * LOW HITPOINT WARNING * * *
The two-headed ogre closely misses you.
Huge Dmg: -13%(-12hp) hp: 29%(27hp)
You barely miss the two-headed ogre.
The two-headed ogre is heavily wounded.
You barely miss the two-headed ogre.
The two-headed ogre is heavily wounded.
The two-headed ogre hits you with a +0 giant spiked club!
* * * LOW HITPOINT WARNING * * *
The two-headed ogre barely misses you.
Huge Dmg: -17%(-16hp) hp: 12%(11hp)
You barely miss the two-headed ogre.
The two-headed ogre is heavily wounded.
You barely miss the two-headed ogre.
The two-headed ogre is heavily wounded.
The two-headed ogre hits you with a +0 giant spiked club!!
You die...

##### ###.... ##......
########## #...#..#
##........###.......
#######.@O......#...#.....
#........####.............
#...##...# #....#........
#...###..####.......#.....
#...# #...##..............
#...# #...........#...#..#
#...# ##...#####..##......
#...# ##..# #..##......
#...# #..## ##..##.....#


You could see a two-headed ogre.

Vanquished Creatures
  Sigmund (D:3)
  A wyvern (D:7)
  A steam dragon (D:6)
  Edmund (D:5)
  A floating eye (D:8)
  A water moccasin (D:5)
  2 black bears
  An ice beast (D:7)
  An orc warrior (D:7)
  An ogre (D:7)
  2 centaurs
  2 kobold brigands
  A bullfrog (D:6)
  3 scorpions
  A gnoll sergeant (D:8)
  4 wights (D:7)
  4 howler monkeys
  A hound (D:7)
  A jelly (D:6)
  A bullfrog zombie (D:6)
  3 orc priests
  A bullfrog skeleton (D:4)
  A centaur skeleton (D:6)
  An iguana (D:6)
  6 orc wizards
  Natasha (thrice) (D:3)
  A hound skeleton (D:4)
  A howler monkey zombie (D:8)
  10 gnolls
  A howler monkey skeleton (D:5)
  5 adders
  A shadow imp (D:5)
  4 white imps
  3 dart slugs
  2 worms
  30 orcs
  4 endoplasms
  3 giant cockroaches
  4 goblins
  7 hobgoblins
  4 jackals (D:2)
  15 kobolds
  7 quokkas
  3 ball pythons
  5 bats
  4 frilled lizards
  6 rats
166 creatures vanquished.

Vanquished Creatures (others)
  10 plants
10 creatures vanquished.

Grand Total: 176 creatures vanquished

Notes
Turn   | Place    | Note
-------+----------+-------------------------------------------
     0 | D:1      | RepHenryClay the Demonspawn Berserker began the quest for
                  | the Orb.
     0 | D:1      | Reached XP level 1. HP: 18/18 MP: 1/1
   311 | D:1      | Reached skill level 3 in Long Blades
   526 | D:1      | Gained mutation: You regenerate magic rapidly. [demonic
                  | ancestry]
   526 | D:1      | Reached XP level 2. HP: 18/24 MP: 2/2
  1115 | D:1      | You fall into a shaft and drop 1 floor!
  1303 | D:2      | Reached skill level 4 in Long Blades
  1303 | D:2      | Reached XP level 3. HP: 29/29 MP: 3/3
  1307 | D:2      | Reached ** piety under Trog
  1665 | D:2      | Gained mutation: You have sharp fingernails. [demonic
                  | ancestry]
  1665 | D:2      | Reached XP level 4. HP: 29/35 MP: 4/4
  2270 | D:3      | Noticed Sigmund
  2279 | D:3      | Killed Sigmund
  2280 | D:3      | Reached skill level 6 in Long Blades
  2280 | D:3      | Reached XP level 5. HP: 41/41 MP: 1/5
  2480 | D:3      | Found a sparkling altar of Nemelex Xobeh.
  2480 | D:3      | Noticed Natasha
  2487 | D:3      | Killed Natasha
  2488 | D:3      | Reached XP level 6. HP: 47/47 MP: 4/6
  2514 | D:3      | Identified the +1 trident "Dageostagg" {drain, *Noise rPois
                  | Will+ Str+8}
  2582 | D:3      | Noticed Natasha
  2594 | D:3      | Killed Natasha
  2609 | D:3      | Noticed Natasha
  2621 | D:3      | Killed Natasha
  2848 | D:3      | Found a shimmering altar of Xom.
  3607 | D:4      | Found a basalt altar of Yredelemnul.
  3611 | D:4      | Found a sacrificial altar of Ru.
  3626 | D:4      | Reached skill level 7 in Long Blades
  3756 | D:4      | Found an iron altar of Okawaru.
  3886 | D:4      | Gained mutation: You are surrounded by a mild repulsion
                  | field. (EV +2) [demonic ancestry]
  3886 | D:4      | Reached XP level 7. HP: 42/52 MP: 5/7
  3897 | D:4      | Noticed a two-headed ogre
  3955 | D:5      | Entered Level 5 of the Dungeon
  4075 | D:5      | Found a hide-covered altar of Uskayaw.
  4359 | D:5      | Reached *** piety under Trog
  4623 | D:5      | Noticed Edmund
  4649 | D:5      | Killed Edmund
  4949 | D:5      | Reached skill level 8 in Long Blades
  5221 | D:5      | Found an opulent altar of Gozag.
  5550 | D:6      | Gained mutation: When hurt, damage is shared between your
                  | health and your magic reserves. [demonic ancestry]
  5550 | D:6      | Reached XP level 8. HP: 52/58 MP: 8/8
  6232 | D:6      | Reached **** piety under Trog
  6275 | D:6      | Reached skill level 9 in Long Blades
  6275 | D:6      | Reached skill level 5 in Armour
  6960 | D:7      | Found a staircase to the Ecumenical Temple.
  7101 | D:7      | Gained mutation: You have very sharp fingernails. [demonic
                  | ancestry]
  7101 | D:7      | Reached XP level 9. HP: 59/63 MP: 7/9
  7818 | D:7      | Reached skill level 10 in Long Blades
  7828 | Temple   | Entered the Ecumenical Temple
  8197 | D:8      | Noticed an oklob plant
  8830 | D:8      | Noticed an oklob plant
  8880 | D:8      | Noticed an oklob plant
  8996 | D:8      | Found a runed translucent door.
  8998 | D:8      | Found a runed translucent door.
  9025 | D:8      | Found an ornate altar of the Wu Jian Council.
  9135 | D:8      | Paralysed by a floating eye for 4 turns
  9363 | D:9      | Found a staircase to the Lair.
  9495 | D:9      | Noticed a two-headed ogre
  9529 | D:9      | Slain by a two-headed ogre

Illustrated notes

Levels and vault maps discovered:
D:1:      evilmike_arrival_fibonacci_small, layout_basic, minmay_misc_feat_tiny,
          minmay_misc_feat_ornament, hangedman_feature_mirror
D:2:      layout_rooms, st_stairs_6, grunt_decor_arrowhead,
          minmay_misc_feat_rows
D:3:      layout_basic, mainiacjoe_overflow_paths,
          mainiacjoe_overflow_small_starburst, uniq_natasha, uniq_sigmund
D:4:      layout_rooms, kennysheep_little_box,
          gammafunk_temple_overflow_forgotten, minmay_manual_mess
D:5:      layout_gridville, grunt_temple_overflow_gold_and_silver,
          general_overflow_altar, serial_rivers, chequers_serial_rivers_large_b,
          chequers_serial_rivers_room_a, chequers_serial_rivers_room_b,
          chequers_serial_rivers_micro_d, chequers_serial_rivers_micro_d,
          uniq_edmund
D:6:      layout_loops_corners, minmay_unpleasant_kobolds
D:7:      layout_basic, minmay_temple_entry_overgrown
D:8:      lemuel_insect_pit, layout_basic, mainiacjoe_overflow_surrounded_room,
          disabler_island
D:9:      layout_long_grid, lemuel_tele_altar, lair_entry_dummy, orc_0_dummy,
          hangedman_decor_growths, minmay_misc_feat_plants
Temple:   nicolae_temple_figure_zero

Skill      XL: |  1  2  3  4  5  6  7  8  9 |
---------------+----------------------------+-----
Long Blades    | 3 4 6 7 8 9 10 | 10.4
Armour         | 3 6 7 |  7.2
Fighting       | |  3.0
Dodging        | |  1.7

Action                   |  1- 3 |  4- 6 |  7- 9 || total
-------------------------+-------+-------+-------++-------
Melee: Falchion          |   117 |   156 |   148 ||   421
       Punch             |     1 |     3 |     4 ||     8
       Short sword       |       |       |   169 ||   169
       Double sword      |       |       |    72 ||    72
Invok: Berserk           |     2 |     4 |     7 ||    13
       Trog's Hand       |       |     1 |     1 ||     2
Evoke: Wand              |       |       |     5 ||     5
  Use: Scroll            |       |       |    16 ||    16
       Potion            |       |       |     1 ||     1
 Stab: Sleeping          |     1 |       |       ||     1
Armor: Animal skin       |    20 |       |       ||    20
       Ring mail         |    15 |    34 |     7 ||    56
       Chain mail        |       |       |   157 ||   157
Dodge: Dodged            |    97 |    80 |   158 ||   335

Table legend: (Time is in decaauts)
 A = Elapsed time spent in this place.
 B = Non-inter-level travel time spent in this place.
 C = Inter-level travel time spent in this place.
 D = Time resting spent in this place.
 E = Time spent auto-exploring this place.
 F = Levels seen in this place.
 G = Mean time per level.
                   A        B        C        D        E       F      G
               +--------+--------+--------+--------+--------+-----+--------+
         Total |   9697 |   9246 |    451 |   1751 |   6038 |  10 |  969.7 |
       Dungeon |   9533 |   9082 |    451 |   1589 |   6038 |   9 | 1059.2 |
        Temple |    164 |    164 |      0 |    162 |      0 |   1 |  164.0 |
               +--------+--------+--------+--------+--------+-----+--------+

Top non-repeatable levels by time:
     D:7: 1554 daAuts
     D:5: 1520 daAuts
     D:6: 1470 daAuts
     D:3: 1261 daAuts
     D:1: 1138 daAuts
     D:2: 1106 daAuts
     D:8: 720 daAuts
     D:4: 598 daAuts
  Temple: 164 daAuts
     D:9: 163 daAuts
